 Dungeon Crawl Stone Soup version 0.30-a0-263-ge22c4ad894 (webtiles) character file.

Game seed: 6568693474920605242

408 gzilladon the Cleaver (level 6, -8/79 HPs)
             Began as a Hill Orc Monk on Oct 13, 2022.
             Was a Believer of Beogh.
             Mangled by an ogre
             ... wielding a +0 giant spiked club
              (24 damage)
             ... on level 4 of the Dungeon.
             The game lasted 00:12:23 (3957 turns).

gzilladon the Cleaver (Hill Orc Monk)               Turns: 3957, Time: 00:12:23

Health: -8/79      AC: 11    Str: 16    XL:     6   Next: 88%
Magic:  6/6        EV:  5    Int: 10    God:    Beogh [**....]
Gold:   227        SH:  0    Dex: 13    Spells: 5/5 levels left

rFire   . . .      SeeInvis .    s - +0 war axe
rCold   . . .      Faith    .    (no shield)
rNeg    . . .      Spirit   .    i - +0 plate armour
rPois   .          Reflect  .    (no helmet)
rElec   .          Harm     .    (no cloak)
rCorr   .          Rampage  .    m - +0 pair of gloves
Will    .....                    (no boots)
Stlth   ..........               (no amulet)
HPRegen 0.33/turn                (no ring)
MPRegen 0.10/turn                (no ring)

@: berserking, very quick
A: no striking features
a: Renounce Religion, Smiting


You were on level 4 of the Dungeon.
You worshipped Beogh.
Beogh was pleased with you.
You visited 1 branch of the dungeon, and saw 4 of its levels.

You collected 227 gold pieces.

Inventory:

Hand Weapons
 a - a +0 hand axe
 s - a +0 war axe (weapon)
Missiles
 o - 7 stones (quivered)
 p - 13 poisoned darts
Armour
 b - a +0 robe
 g - a +0 ring mail
 i - a +0 plate armour (worn)
 m - a +0 pair of gloves (worn)
Jewellery
 t - a +6 ring of intelligence
Scrolls
 e - 2 scrolls of magic mapping {unknown}
 j - 4 scrolls of fog {unknown}
 k - 3 scrolls of identify {unknown}
 l - a scroll of silence {unknown}
 n - a scroll of torment {unknown}
 q - a scroll of teleportation {unknown}
 u - 3 scrolls of vulnerability {unknown}
 v - a scroll of noise {unknown}
 w - a scroll of amnesia {unknown}
 x - a scroll of enchant weapon {unknown}
 y - a scroll of fear {unknown}
Potions
 c - a potion of heal wounds {unknown}
 d - a potion of might {unknown}
 f - a potion of resistance {unknown}
 h - a potion of berserk rage
 r - a potion of brilliance {unknown}


   Skills:
 + Level 4.6 Fighting
 * Level 8.4 Axes
 + Level 1.8 Armour
 + Level 2.7 Dodging
 + Level 2.2 Stealth


You had 5 spell levels left.
You didn't know any spells.
Your spell library contained the following spells:

 Spells                   Type           Power      Damage    Failure   Level
 Freeze                   Ice            0%         1d3       100%        1
 Dazzling Flash           Conj/Hex       0%         N/A       100%        3
 Frozen Ramparts          Ice            0%         1d1       100%        3
 Hailstorm                Conj/Ice       0%         3d3       100%        3
 Ignite Poison            Fire/Tmut/Pois 0%         N/A       100%        3
 Kindle Blastsparks       Fire/Tloc/Air  0%         2d10      100%        3
 Fulminant Prism          Conj/Hex       0%         3d6       100%        4
 Iskenderun's Mystic Bla  Conj/Tloc      0%         2d3       100%        4
 Leda's Liquefaction      Hex/Erth       0%         N/A       100%        4
 Freezing Cloud           Conj/Ice/Air   0%         6-21      100%        5
 Lee's Rapid Deconstruct  Erth           0%         3d5*      100%        5
 Starburst                Conj/Fire      0%         6d3       100%        6
 Statue Form              Tmut/Erth      0%         N/A       100%        6


Dungeon Overview and Level Annotations

Branches:
Dungeon (4/15)             Temple (0/1) D:4

Altars:


Message History

You hit the orc.
The orc is lightly wounded.
The orc barely misses you.
You hit the orc.
The orc is moderately wounded.
The orc hits you but does no damage.
You hit the orc.
You kill the orc!
Beogh accepts your kill.
Things that are here:
a +0 trident; a +0 leather armour; an orc corpse You start resting.
HP restored.
You open the door.
There is an open door here.
There is an open door here.
There is an open door here.
There is a stone staircase leading up here.
You swap places.
You open the door.
There is an open door here.
There is an open door here.
There is an open door here.
Found a stone staircase leading up.
There is a stone staircase leading up here.
An ogre comes into view. It is wielding a +0 giant spiked club.
The ogre shouts!
The ogre hits you with a +0 giant spiked club!
You barely miss the ogre.
The ogre hits you with a +0 giant spiked club!
You barely miss the ogre. You slash the ogre!
The ogre is moderately wounded.
The ogre hits you with a +0 giant spiked club!!
* * * LOW HITPOINT WARNING * * *
It was a potion of berserk rage.
A red film seems to cover your vision as you go berserk!
You feel yourself moving faster!
You feel mighty!
The ogre hits you with a +0 giant spiked club!!
You die...

########.#
#......#.#
#.####.#.# #.#
#.#.# #.# #.#.#
###.####.#.#
#######......<.#O#
......#.#.####..@#
.###....#.# #####
.# #..###....# .
.# #..######.##.
.###.......#...
.....#####.#..#
#.#
#####....#.#..#
#.#
......#....#..#
#.#
......#....#..#
#.#


You could see an ogre.

Vanquished Creatures
  A bullfrog (D:3)
  A scorpion (D:4)
  2 orc priests (D:4)
  A jelly (D:4)
  3 gnolls (D:2)
  5 adders
  3 worms
  9 dart slugs
  7 orcs
  8 endoplasms
  4 giant cockroaches
  7 goblins
  11 hobgoblins
  3 jackals (D:2)
  7 quokkas
  11 ball pythons
  7 bats
  7 frilled lizards
  10 kobolds
  9 rats
116 creatures vanquished.

Vanquished Creatures (others)
  An orc wizard (D:4)
  An adder (D:4)
  2 orcs (D:4)
  A hobgoblin (D:4)
5 creatures vanquished.

Grand Total: 121 creatures vanquished

Notes
Turn   | Place    | Note
-------+----------+-------------------------------------------
     0 | D:1      | gzilladon the Hill Orc Monk began the quest for the Orb.
     0 | D:1      | Reached XP level 1. HP: 19/19 MP: 1/1
   263 | D:1      | Reached XP level 2. HP: 26/27 MP: 2/2
   733 | D:1      | Reached XP level 3. HP: 31/33 MP: 3/3
   955 | D:1      | Found a faded altar of an unknown god.
  1313 | D:2      | Reached skill level 5 in Axes
  1423 | D:2      | Reached XP level 4. HP: 40/40 MP: 4/4
  1806 | D:3      | Noticed a bullfrog
  2132 | D:3      | Reached skill level 6 in Axes
  2227 | D:3      | Reached XP level 5. HP: 44/46 MP: 5/5
  2652 | D:3      | Reached skill level 7 in Axes
  2652 | D:3      | Reached skill level 1 in Armour
  2748 | D:3      | Reached XP level 6. HP: 51/53 MP: 6/6
  3023 | D:4      | Became a worshipper of Beogh the Brigand
  3023 | D:4      | Reached * piety under Beogh
  3023 | D:4      | Reached ** piety under Beogh
  3337 | D:4      | Found a staircase to the Ecumenical Temple.
  3666 | D:4      | Reached skill level 8 in Axes
  3957 | D:4      | Mangled by an ogre

Illustrated notes

Levels and vault maps discovered:
D:1:      co_arrival_random_square_maze, layout_basic,
          hellmonk_ecumenical_altar_lost_god
D:2:      layout_rooms, minmay_pentomino_pile
D:3:      minmay_octagon_keep, layout_basic, st_stairs_11, minmay_mini_jars
D:4:      layout_basic, minmay_temple_entry_water_ring

Skill      XL: |  1  2  3  4  5  6 |
---------------+-------------------+-----
Stealth        | 2 |  2.2
Fighting       | 4 |  4.6
Axes           | 5 6 7 8 |  8.4
Armour         | 1 |  1.8
Dodging        | |  2.7

Action                   |  1- 3 |  4- 6 || total
-------------------------+-------+-------++-------
Melee: Hand axe          |   140 |    76 ||   216
       War axe           |       |   163 ||   163
       Punch             |       |     5 ||     5
Invok: Convert to Beogh  |       |     1 ||     1
  Use: Potion            |       |     2 ||     2
Armor: Ring mail         |    18 |       ||    18
       Plate armour      |    77 |   192 ||   269
Dodge: Dodged            |    47 |    54 ||   101

Table legend: (Time is in decaauts)
 A = Elapsed time spent in this place.
 B = Non-inter-level travel time spent in this place.
 C = Inter-level travel time spent in this place.
 D = Time resting spent in this place.
 E = Time spent auto-exploring this place.
 F = Levels seen in this place.
 G = Mean time per level.
                   A        B        C        D        E       F      G
               +--------+--------+--------+--------+--------+-----+--------+
         Total |   4001 |   3227 |    774 |    434 |      0 |   4 | 1000.2 |
       Dungeon |   4001 |   3227 |    774 |    434 |      0 |   4 | 1000.2 |
               +--------+--------+--------+--------+--------+-----+--------+

Top non-repeatable levels by time:
     D:3: 1184 daAuts
     D:1: 1159 daAuts
     D:4: 988 daAuts
     D:2: 668 daAuts
